 Dungeon Crawl Stone Soup version 0.16-a0-4108-g6e49b0d (webtiles) character file.

220 BluebellGnoll the Sneak (level 5, -6/31 HPs)
             Began as an Octopode Enchanter on Feb 26, 2015.
             Mangled by an orc priest
             ... wielding a +0 trident
              (12 damage)
             ... on level 3 of the Dungeon.
             The game lasted 00:15:41 (3460 turns).

BluebellGnoll the Sneak (Octopode Enchanter)        Turns: 3460, Time: 00:15:41

Health: -6/31      AC:  1    Str:  7    XL:     5   Next: 97%
Magic:  2/13       EV: 12    Int: 18    God:
Gold:   205        SH:  0    Dex: 13    Spells: 4 memorised, 4 levels left

rFire  . . .     SeeInvis .     t - -1 dagger (curse)
rCold  . . .     Clarity  .     (no shield)
rNeg   . . .     SustAb   .     (helmet restricted)
rPois  .         Gourm    .     (no amulet)
rElec  .         Spirit   .     (no ring)
rCorr  .         Warding  .     (no ring)
rMut   .         Stasis   .     (no ring)
MR     .....                    (no ring)
Stlth  ++++......               (no ring)
                                (no ring)
                                (no ring)
                                (no ring)

@: not resistant to hostile enchantments, stealthy
A: almost no armour, amphibious, 8 rings, constrict 8, camouflage 1, gelatinous
body 1
a: no special abilities


You were on level 3 of the Dungeon.
You were not hungry.

You visited 1 branch of the dungeon, and saw 3 of its levels.

You collected 205 gold pieces.

Inventory:

Hand weapons
 a - a +1 dagger
 b - a +0 hunting sling
 i - a +2 whip of electrocution
 t - a cursed -1 dagger (weapon)
Missiles
 e - 20 sling bullets
 f - 42 stones (quivered)
 k - 7 poisoned needles
 o - 6 javelins
Magical devices
 q - a wand of magic darts (10)
Scrolls
 n - a scroll of teleportation
Potions
 j - a potion of curing
 m - a potion of degeneration {unknown}
 p - a potion of ambrosia
Books
 c - a book of Maledictions

   Spells                             Type                      Level
   a - Corona                         Hexes                        1
   b - Sure Blade                     Hexes/Charms                 2
   c - Ensorcelled Hibernation        Hexes/Ice                    2
   d - Confuse                        Hexes                        3
   e - Dazzling Spray                 Conjuration/Hexes            3
   f - Enslavement                    Hexes                        4
Comestibles
 d - 3 bread rations
 g - a slice of pizza
 h - 4 fruits
 l - a meat ration
 r - 3 chunks of flesh


   Skills:
 - Level 1.7 Short Blades
 - Level 2.0 Dodging
 - Level 5.1 Stealth
 + Level 4.1 Spellcasting
 - Level 4.1 Hexes


You had 4 spell levels left.
You knew the following spells:

 Your Spells              Type           Power        Failure   Level  Hunger
a - Corona                Hex            ###....      2%          1    None
b - Ensorcelled Hibernat  Hex/Ice        ##....       12%         2    ##.....
c - Confuse               Hex            ###.....     10%         3    ###....
d - Sure Blade            Hex/Chrm       ##........   12%         2    ##.....


Dungeon Overview and Level Annotations

Branches:
Dungeon (3/15)

Altars:
Fedhas
Yredelemnul
Zin

Annotations:
D:3 Terence


Innate Abilities, Weirdness & Mutations

You cannot wear most types of armour.
You are amphibious.
You can wear up to eight rings at the same time.
You can use your tentacles to constrict many enemies at once.
Your skin changes colour to match your surroundings (Stealth).
Your rubbery body absorbs attacks (AC +1).


Message History

You constrict the orc, but do no damage.
The orc misses you.
You hit the orc but do no damage.
The orc is moderately wounded.
You constrict the orc, but do no damage.
The orc hits you with a falchion!
You hit the orc but do no damage. You squeeze the orc.
The orc is heavily wounded.
You constrict the orc. The orc hits you with a falchion.
* * * LOW HITPOINT WARNING * * *
A goblin comes into view. It is wielding a club.
You are too injured to fight recklessly!
You hit the orc.
You kill the orc!
The orc priest's eyes start to glow.
The orc priest misses you.
Items here: ))) [ † a falchion; a leather armour; a war axe; a short sword; an orc corpse The orc priest hits you with a trident!
You die...

########### ...)......#
#########.# #.### ### ##...##
##########.##########..##.##
#.......g..o@).÷.......###.##
#.########.######.#.##)......
#.# #.#.###.)...) .o.ooo...#
#.#.# #.##... #########
#.##.##.##... #.# #.#.#....
######.####.......
#...)....)........
#.##########.#....


You could see an orc priest and a goblin.

Vanquished Creatures
  An orc priest (D:3)
  6 gnolls (D:3)
  5 adders
  2 worms (D:2)
  12 orcs (D:3)
  6 bats
  3 giant cockroaches
  3 hobgoblins
  6 kobolds
  2 quokkas
  3 ball pythons
  3 giant geckos
  5 giant newts
  7 goblins
  9 rats
73 creatures vanquished.

Notes
Turn   | Place    | Note
--------------------------------------------------------------
     0 | D:1      | BluebellGnoll, the Octopode Enchanter, began the quest for the Orb.
     0 | D:1      | Reached XP level 1. HP: 11/11 MP: 3/3
   280 | D:1      | Reached XP level 2. HP: 17/17 MP: 4/4
   765 | D:1      | Learned a level 2 spell: Ensorcelled Hibernation
   907 | D:2      | Reached skill level 5 in Stealth
   917 | D:2      | Reached XP level 3. HP: 8/21 MP: 1/6
   922 | D:2      | Learned a level 3 spell: Confuse
  1799 | D:2      | Reached XP level 4. HP: 11/27 MP: 3/7
  2043 | D:2      | Found a glowing silver altar of Zin.
  2093 | D:2      | Found a basalt altar of Yredelemnul.
  2620 | D:3      | Found a blossoming altar of Fedhas.
  2820 | D:3      | Noticed Terence
  2847 | D:3      | Reached XP level 5. HP: 24/31 MP: 1/9
  3058 | D:3      | Learned a level 2 spell: Sure Blade
  3460 | D:3      | Mangled by an orc priest

Action                   |  1- 3 |  4- 6 || total
-------------------------+-------+-------++-------
Melee: Dagger            |    69 |   100 ||   169
 Cast: Corona            |    14 |     3 ||    17
       Ensorcelled Hiber |     1 |    16 ||    17
       Confuse           |     3 |     7 ||    10
Evoke: Wand              |       |    16 ||    16
  Use: Potion            |     1 |     1 ||     2
       Scroll            |     4 |     1 ||     5
 Stab: Sleeping          |    10 |    14 ||    24
       Confused          |     3 |       ||     3
  Eat: Chunk             |     3 |     7 ||    10
